 Dungeon Crawl Stone Soup version 0.28-b1-25-g9875b3fc8c (webtiles) character file.

Game seed: 931743776014076763

59 adizb the Grasshopper (level 4, -1/38 HPs)
             Began as a Gnoll Warper on Feb 3, 2022.
             Frozen to death by an endoplasm (5 damage)
             ... on level 2 of the Dungeon.
             The game lasted 00:06:11 (810 turns).

adizb the Grasshopper (Gnoll Warper)                 Turns: 810, Time: 00:06:13

Health: -1/38      AC:  3    Str: 12    XL:     4   Next: 3%
Magic:  11/11      EV: 13    Int: 18    God:
Gold:   56         SH:  0    Dex: 12    Spells: 11/13 levels left

rFire   . . .      SeeInvis .   a - +0 mace
rCold   . . .      Faith    .   i - orb {*Rage}
rNeg    . . .      Spirit   .   b - +0 leather armour
rPois   .          Reflect  .   (no helmet)
rElec   .          Harm     .   (no cloak)
rCorr   .          Rampage  .   (no gloves)
Will    .....      Rage     20% (no boots)
Stlth   +.........              (no amulet)
HPRegen 0.12/turn               h - +6 ring of intelligence
MPRegen 0.12/turn               (no ring)

@: lethally poisoned (-1 -> -6), on berserk cooldown, slowed, very slow
A: fangs 1, strong nose, distributed training
a: no special abilities


You were on level 2 of the Dungeon.
You visited 1 branch of the dungeon, and saw 2 of its levels.

You collected 56 gold pieces.

Inventory:

Hand Weapons
 a - a +0 mace (weapon)
Missiles
 d - 11 stones (quivered)
 j - 5 poisoned darts
 l - 8 javelins
Armour
 b - a +0 leather armour (worn)
 i - an orb of wrath (worn)
 o - a +0 plate armour
Jewellery
 g - an amulet of faith
 h - a +6 ring of intelligence (left hand)
Scrolls
 c - a scroll of blinking
 f - a scroll of identify {unknown}
 m - a scroll of enchant armour {unknown}
 n - a scroll of vulnerability {unknown}
 p - a scroll of magic mapping {unknown}
Potions
 e - a potion of flight {unknown}
 k - a potion of ambrosia {unknown}


   Skills:
 + Level 4.6 Fighting
 + Level 1.0 Short Blades
 + Level 1.0 Long Blades
 + Level 1.0 Axes
 + Level 4.6 Maces & Flails
 + Level 1.0 Polearms
 + Level 1.0 Staves
 + Level 1.0 Slings
 + Level 1.0 Bows
 + Level 1.0 Crossbows
 + Level 2.7 Throwing
 + Level 2.7 Armour
 + Level 4.6 Dodging
 + Level 1.0 Stealth
 + Level 1.0 Shields
 + Level 1.0 Unarmed Combat
 + Level 5.0 Spellcasting
 + Level 0.7 Conjurations
 + Level 0.7 Hexes
 + Level 0.7 Summonings
 + Level 0.7 Necromancy
 + Level 5.4 Translocations
 + Level 0.7 Transmutations
 + Level 0.7 Fire Magic
 + Level 0.7 Ice Magic
 + Level 0.7 Air Magic
 + Level 0.7 Earth Magic
 + Level 0.7 Poison Magic
 + Level 1.1 Invocations
 + Level 1.0 Evocations


You had 11 spell levels left.
You knew the following spells:

 Your Spells              Type           Power      Damage    Failure   Level
a - Blink                 Tloc           48%        N/A       2%          2

Your spell library contained the following spells:

 Spells                   Type           Power      Damage    Failure   Level
 Gell's Gravitas          Tloc           24%        N/A       5%          3
 Lesser Beckoning         Tloc           24%        N/A       5%          3
 Teleport Other           Tloc           24%        N/A       5%          3
 Manifold Assault         Tloc           24%        N/A       45%         5


Dungeon Overview and Level Annotations

Branches:
Dungeon (2/15)

Altars:


Innate Abilities, Weirdness & Mutations

You have very sharp teeth.
Your uncanny sense of smell can sniff out nearby items.
Your experience applies equally to all skills.


Message History

A dart slug and 2 endoplasms come into view.
The endoplasm quivers. x2
An adder comes into view.
You feel a strong urge to attack something.
The adder hisses angrily.
The dart slug launches a dart at you. The slug dart misses you.
Found a stone staircase leading up.
You see here a stone.
You feel your anger nearly subside.
You are no longer berserk.
You are exhausted.
You feel yourself slow down. The dart slug launches a dart at you.
The slug dart hits you.
You hit the endoplasm but do no damage. The endoplasm freezes you.
You are frozen.
The dart slug launches a dart at you. The slug dart misses you.
You hit the adder. You bite the adder.
The adder is severely wounded.
The endoplasm barely misses you. The adder bites you.
The endoplasm freezes you.
You are frozen.
The adder bites you.
* * * LOW HITPOINT WARNING * * *
You are lethally poisoned!
The adder poisons you!
You miss the adder. Your bite misses the adder.
The adder is severely wounded.
* * * LOW HITPOINT WARNING * * *
You feel very sick. The adder bites you.
* * * LOW HITPOINT WARNING * * *
The endoplasm barely misses you. The endoplasm closely misses you.
The adder barely misses you. The dart slug launches a dart at you.
The slug dart misses you. The endoplasm completely misses you.
The endoplasm freezes you.
You are frozen.
You die...

#......... ###.........
#.........<# #
#.#......... ###
#.#......... ..####
#.#......... #....###
##.#JSJ...... #......#
###....@.......
#....#.###.....(........
#....#......†.#..(.w....
.............##.........
#......##.#####.........
..##...##... #....>....
###..######.. .........#
# #.## ####.#.....## #
#.# #.#######


You could see an adder, a dart slug and 2 endoplasms.

Vanquished Creatures
  2 adders (D:2)
  2 dart slugs
  4 ball pythons
  6 endoplasms
  2 giant cockroaches (D:2)
  3 goblins
  4 hobgoblins
  2 kobolds
  A quokka (D:1)
  4 bats
  A frilled lizard (D:1)
  2 rats
33 creatures vanquished.

Notes
Turn   | Place    | Note
-------+----------+-------------------------------------------
     0 | D:1      | adizb the Gnoll Warper began the quest for the Orb.
     0 | D:1      | Reached XP level 1. HP: 20/20 MP: 6/6
    70 | D:1      | Reached XP level 2. HP: 9/26 MP: 7/7
   103 | D:1      | Learned a level 2 spell: Blink
   527 | D:2      | Reached XP level 3. HP: 17/31 MP: 9/9
   530 | D:2      | Reached skill level 5 in Spellcasting
   543 | D:2      | Reached skill level 1 in Invocations
   689 | D:2      | Reached skill level 1 in Short Blades
   689 | D:2      | Reached skill level 1 in Long Blades
   689 | D:2      | Reached skill level 1 in Axes
   689 | D:2      | Reached skill level 1 in Polearms
   689 | D:2      | Reached skill level 1 in Staves
   689 | D:2      | Reached skill level 1 in Slings
   689 | D:2      | Reached skill level 1 in Bows
   689 | D:2      | Reached skill level 1 in Crossbows
   689 | D:2      | Reached skill level 1 in Stealth
   689 | D:2      | Reached skill level 1 in Shields
   689 | D:2      | Reached skill level 1 in Unarmed Combat
   689 | D:2      | Reached skill level 1 in Evocations
   707 | D:2      | Reached XP level 4. HP: 24/38 MP: 11/11
   810 | D:2      | Frozen to death by an endoplasm

Illustrated notes

Levels and vault maps discovered:
D:1:      roderic_crossed_star, layout_rooms, serial_rivers,
          chequers_serial_rivers_large_b, chequers_serial_rivers_small_3,
          chequers_serial_rivers_small_3, chequers_serial_rivers_micro_e,
          chequers_serial_rivers_small_a
D:2:      layout_rooms

Skill      XL: |  1  2  3 |
---------------+----------+-----
Spellcasting   | 5 |  5.0
Invocations    | 1 |  1.1
Short Blades   | 1 |  1.0
Long Blades    | 1 |  1.0
Axes           | 1 |  1.0
Polearms       | 1 |  1.0
Staves         | 1 |  1.0
Slings         | 1 |  1.0
Bows           | 1 |  1.0
Crossbows      | 1 |  1.0
Stealth        | 1 |  1.0
Shields        | 1 |  1.0
Unarmed Combat | 1 |  1.0
Evocations     | 1 |  1.0
Fighting       | |  4.6
Maces & Flails | |  4.6
Throwing       | |  2.7
Armour         | |  2.7
Dodging        | |  4.6
Conjurations   | |  0.7
Hexes          | |  0.7
Summonings     | |  0.7
Necromancy     | |  0.7
Translocations | |  5.4
Transmutations | |  0.7
Fire Magic     | |  0.7
Ice Magic      | |  0.7
Air Magic      | |  0.7
Earth Magic    | |  0.7
Poison Magic   | |  0.7

Action                   |  1- 3 |  4- 6 || total
-------------------------+-------+-------++-------
Melee: Mace              |    70 |     7 ||    77
       Bite              |     3 |     1 ||     4
       Punch             |     1 |       ||     1
Throw: Boomerang         |     5 |       ||     5
       Dart              |    10 |       ||    10
       Stone             |     4 |     5 ||     9
Armor: Leather armour    |    22 |       ||    22
Dodge: Dodged            |    54 |    10 ||    64
